Unix NetHack Version 3.7.0-94 Work-in-progress - last build Dec 13 2023 01:40:03 (eb5afe49d650b6f5c6196fad733e3b2b9fb6c025,branch:master). Game began 2023-12-15 21:01:34, ended 2023-12-15 21:10:58. elenmirie, neutral female human Priestess -------+--.---- |..[..........| .......x@.....| |.............| --------------- Elenmirie the Acolyte St:15 Dx:13 Co:13 In:9 Wi:18 Ch:9 Neutral Dlvl:5 $:25 HP:0(28) Pw:66(66) AC:6 Xp:4/88 T:1795 Latest messages: Yermak bites the kitten. Yermak bites the kitten. The kitten is killed! Yermak eats an uncursed kitten corpse. The cave spider bites! You miss the cave spider. The cave spider misses! It misses the cave spider. You miss the cave spider. The cave spider bites! You miss the cave spider. The cave spider bites! You miss the cave spider. The cave spider bites! You miss the cave spider. The cave spider misses! Yermak misses the cave spider. Yermak misses the cave spider. You kill the cave spider! Yermak misses it. You hear some noises in the distance. It misses the cave spider. You kill the gas spore! Boom! You kill it! Welcome to experience level 4. You hear the rumble of distant thunder... The cave spider is caught in the gas spore's explosion! You kill the cave spider! You are caught in the gas spore's explosion! You see here an uncursed cave spider corpse. You hear someone counting gold coins. There is an uncursed cave spider corpse here; eat it? [ynq] (n) y This cave spider corpse tastes okay. You finish eating the cave spider corpse. z - an uncursed scroll labeled GNIK SISI VLE. A trap door opens up under you! You fall down a shaft! You hear the howling of the CwnAnnwn... The grid bug bites! You get zapped! You miss the grid bug. The grid bug bites! You get zapped! You die... Do you want your possessions identified? [ynq] (y) y Do you want to see your attributes? [ynq] (y) y Do you want an account of creatures vanquished? [ynaq] (y) y Do you want to see your conduct and achievements? [ynq] (y) y Do you want to see the dungeon overview? [ynq] (y) y Inventory: Coins $ - 25 gold pieces Weapons s - 7 uncursed +0 darts (at the ready) k - 5 uncursed +0 orcish daggers a - a blessed +1 mace (weapon in right hand) Armor m - an uncursed +0 orcish helm (being worn) n - an uncursed +0 orcish helm o - an uncursed +0 orcish helm q - an uncursed +0 orcish helm c - an uncursed +0 small shield (being worn) b - an uncursed +0 robe (being worn) Comestibles v - 2 uncursed cloves of garlic y - an uncursed food ration f - an uncursed sprig of wolfsbane j - a cursed tripe ration Scrolls z - an uncursed scroll of confuse monster i - an uncursed scroll of create monster l - an uncursed scroll of food detection Spellbooks g - an uncursed spellbook of detect monsters h - an uncursed spellbook of identify p - an uncursed spellbook of invisibility Potions r - an uncursed potion of sleeping d - 4 potions of holy water t - an uncursed potion of water Tools e - a cursed skeleton key u - a cursed tin whistle x - an uncursed towel Elenmirie the Priestess's attributes: Background: You were an Acolyte, a level 4 human Priestess. You were neutral, nominally on a mission for Chih Sung-tzu who was opposed by Shan Lai Ching (lawful) and Huan Ti (chaotic). You were right-handed. You were in the Dungeons of Doom, on level 5. You entered the dungeon 1795 turns ago. You had 88 experience points, 72 more were needed to attain level 5. Basics: You had 0 out of 28 hit points. You had all 66 energy points (spell power). Your armor class was 6. Your wallet contained 25 zorkmids. Autopickup was on for '$' plus thrown. Final Characteristics: Your strength was 15 (limit:18/100). Your dexterity was 13 (limit:18). Your constitution was 13 (limit:18). Your intelligence was 9 (limit:18). Your wisdom was 18 (limit:18). Your charisma was 9 (limit:18). Final Status: You weren't hungry. You were unencumbered. You were wielding a mace. You had basic skill with mace. Final Attributes: You had transgressed. You were guarded. You were unlucky. You are dead. Miscellaneous: You never encountered a bones level. Total elapsed playing time was 9 minutes and 24 seconds. Major events: Turn 1: elenmirie the neutral human Priestess entered the dungeon 1267: attained the rank of Acolyte (level 3) 1795: killed by a grid bug Vanquished creatures: a little dog a kitten an orc zombie a coyote a gas spore 2 cave spiders a yellow mold 11 jackals a fox a kobold 8 goblins 7 lichens a kobold zombie 7 newts 44 creatures vanquished. No species were genocided or became extinct. Voluntary challenges: You were an atheist. You were illiterate. You never engraved Elbereth. You never genocided any monsters. You never polymorphed an object. You never changed form. You used no wishes. Achievement: You attained the rank of Acolyte. The Dungeons of Doom: levels 1 to 5 Level 1: Some fountains. Level 2: A fountain. Level 3: A grave. Level 5: <- You were here. Final resting place for you, killed by a grid bug. Game over: ---------- / \ / REST \ / IN \ / PEACE \ / \ | elenmirie | | 25 Au | | killed by a grid | | bug | | | | | | 2023 | *| * * * | * _________)/\\_//(\/(/\)/\//\/|_)_______ Goodbye elenmirie the Priestess... You died in The Dungeons of Doom on dungeon level 5 with 575 points, and 25 pieces of gold, after 1795 moves. You were level 4 with a maximum of 28 hit points when you died.